 Dungeon Crawl Stone Soup version 0.29.1-15-g9cfb28693d (webtiles) character file.

Game seed: 14738179801660588513

63 BuddhaDhamma the Chopper (level 3, -5/31 HPs)
             Began as a Minotaur Berserker on Mar 9, 2023.
             Was a Believer of Trog.
             Slain by a gnoll
             ... wielding a +2 vorpal spear
              (8 damage)
             ... on level 2 of the Dungeon.
             The game lasted 00:02:32 (1190 turns).

BuddhaDhamma the Chopper (Minotaur Berserker)       Turns: 1190, Time: 00:02:33

Health: -5/31      AC:  5    Str: 23    XL:     3   Next: 89%
Magic:  2/2        EV: 11    Int:  4    God:    Trog [**....]
Gold:   41         SH:  0    Dex:  9    Spells: 2/2 levels left

rFire   . . .      SeeInvis .   a - +0 hand axe
rCold   . . .      Faith    .   (no shield)
rNeg    . . .      Spirit   .   c - +0 ring mail
rPois   .          Reflect  .   (helmet restricted)
rElec   .          Harm     .   (no cloak)
rCorr   .          Rampage  .   (no gloves)
Will    .....                   (no boots)
Stlth   ..........              (no amulet)
HPRegen 0.10/turn               (no ring)
MPRegen 0.08/turn               (no ring)

@: on berserk cooldown
A: horns 2, retaliatory headbutt
a: Renounce Religion, Berserk, Trog's Hand


You were on level 2 of the Dungeon.
You worshipped Trog.
Trog was pleased with you.
You visited 1 branch of the dungeon, and saw 2 of its levels.

You collected 41 gold pieces.

Inventory:

Hand Weapons
 a - a +0 hand axe (weapon)
Missiles
 d - 5 poisoned darts (quivered)
Armour
 c - a +0 ring mail (worn)
Wands
 h - a wand of flame (17)
Scrolls
 b - 2 scrolls of identify {unknown}
 f - a scroll of fog {unknown}
 g - a scroll of blinking {unknown}
Potions
 e - a potion of magic {unknown}


   Skills:
 - Level 3.6 Fighting
 + Level 5.9 Axes
 - Level 2.4 Armour
 - Level 2.1 Dodging


You had 2 spell levels left.
You didn't know any spells.
Your spell library was empty.

Dungeon Overview and Level Annotations

Branches:
Dungeon (2/15)

Altars:

Shops:
D:2 =[=


Innate Abilities, Weirdness & Mutations

You have a pair of horns on your head.
You reflexively headbutt those who attack you in melee.


Message History

a +0 club; a +0 robe; the human corpse of Jessica You feel a strong urge to attack something.
You see here a +0 mace.
You feel your anger nearly subside.
You are no longer berserk.
You are exhausted.
You feel yourself slow down.
You now have 32 gold pieces (gained 7).
Things that are here:
a +0 club; a +0 robe; the human corpse of Jessica
Found a robe.
You now have 41 gold pieces (gained 9).
You open the door.
Found Ychyts's Jewellery Shop.
There is an open door here.
There is an entrance to Ychyts's Jewellery Shop here.
You open the door.
An endoplasm and a gnoll come into view.
The gnoll is wielding a +2 vorpal spear.
The endoplasm quivers.
The gnoll moves out of view. 2 gnolls come into view.
The gnoll shouts! x2; You hear a shout!
There is an open door here.
A goblin comes into view. It is wielding a +0 dagger.
The endoplasm hits you.
The gnoll hits you from afar with a +2 vorpal spear!
The endoplasm hits you. The gnoll hits you with a +0 flail.
You are too injured to fight recklessly!
You are too injured to fight recklessly!
You are too injured to fight recklessly!
You feel yourself speed up.
You're still recovering from your berserk rage.
You closely miss the gnoll.
The gnoll hits you from afar with a +2 vorpal spear!
* * * LOW HITPOINT WARNING * * *
x2 The gnoll misses you.
You furiously retaliate!
You headbutt the gnoll! You barely miss the gnoll.
Your headbutt misses the gnoll.
The gnoll is heavily wounded.
The gnoll hits you from afar with a +2 vorpal spear!
You die...

#......# #......###
###### #........ #....#
#......#
###..).######..g...##.
###.....)...............
..>.#....#####.ggJ...#
###..........#+#g#
######.##....'∩'@#
.......##....#+#.#
....)............#
......###........#
...... #.######## ##.###
#.# ..∩# ... ...# .[.
...# #..


You could see 3 gnolls, an endoplasm and a goblin.

Vanquished Creatures
  Jessica (D:2)
  A dart slug (D:1)
  3 ball pythons (D:1)
  5 bats
  6 endoplasms
  A giant cockroach (D:1)
  2 goblins (D:1)
  2 hobgoblins
  3 jackals (D:1)
  4 kobolds (D:1)
  A frilled lizard (D:1)
  2 rats (D:1)
31 creatures vanquished.

Vanquished Creatures (others)
  5 plants (D:1)
5 creatures vanquished.

Grand Total: 36 creatures vanquished

Notes
Turn   | Place    | Note
-------+----------+-------------------------------------------
     0 | D:1      | BuddhaDhamma the Minotaur Berserker began the quest for the
                  | Orb.
     0 | D:1      | Reached XP level 1. HP: 19/19 MP: 0/0
    66 | D:1      | Reached skill level 4 in Axes
   220 | D:1      | Reached XP level 2. HP: 19/26 MP: 1/1
   587 | D:1      | Found a faded altar of an unknown god.
   616 | D:1      | Reached skill level 5 in Axes
   622 | D:1      | Reached XP level 3. HP: 22/31 MP: 2/2
  1090 | D:2      | Found Qyraeq's Antique Armour Boutique.
  1092 | D:2      | Found Iddyf's Jewellery Emporium.
  1135 | D:2      | Reached ** piety under Trog
  1156 | D:2      | Noticed Jessica
  1163 | D:2      | Killed Jessica
  1182 | D:2      | Found Ychyts's Jewellery Shop.
  1190 | D:2      | Slain by a gnoll

Illustrated notes

Levels and vault maps discovered:
D:1:      moated_graveyard_arrival, layout_basic, ebering_ecumenical_altar_hall,
          serial_bayou_lake_a
D:2:      layout_basic, serial_shops, nicolae_shop_behind_doors, shop, shop,
          shop, nicolae_shop_statue_plus, uniq_jessica

Skill      XL: |  1  2 |
---------------+-------+-----
Axes           | 4 5 |  5.9
Fighting       | |  3.6
Armour         | |  2.4
Dodging        | |  2.1

Action                   || total
-------------------------++-------
Melee: Hand axe          ||    63
       Headbutt          ||     6
Invok: Berserk           ||     1
Armor: Ring mail         ||    32
       Animal skin       ||     1
Dodge: Dodged            ||    45
